 Dungeon Crawl Stone Soup version 0.17-a0-1923-gc35365e (webtiles) character file.

539 derrpe the Conjurer (level 6, -1/45 HPs)
             Began as a Demigod Conjurer on Sept 28, 2015.
             Slain by a yak (13 damage)
             ... on level 5 of the Dungeon.
             The game lasted 00:10:06 (6585 turns).

derrpe the Conjurer (Demigod Conjurer)              Turns: 6585, Time: 00:10:06

Health: -1/45      AC:  4    Str: 11    XL:     6   Next: 75%
Magic:  9/14       EV: 12    Int: 23    God:
Gold:   219        SH:  0    Dex: 18    Spells: 3 memorised, 6 levels left

rFire  . . .     SeeInvis .     n - +2 short sword (elec)
rCold  . . .     Clarity  .     L - +2 robe of Gallantry {MR+ rCorr}
rNeg   . . .     SustAt   +     (no shield)
rPois  .         Gourm    .     E - +0 hat
rElec  .         Spirit   .     (no cloak)
rCorr  +         Warding  .     (no gloves)
rMut   .         Stasis   .     (no boots)
MR     +....                    (no amulet)
Stlth  +++.......               p - +2 ring of dexterity
                                r - ring of stealth

@: very slightly contaminated, somewhat resistant to hostile enchantments,
fairly stealthy
A: high mp 1, sustain attributes
a: no special abilities


You were on level 5 of the Dungeon.
You were hungry.

You visited 1 branch of the dungeon, and saw 5 of its levels.

You collected 219 gold pieces.

Inventory:

Hand weapons
 n - a +2 short sword of electrocution (weapon)
Missiles
 h - 11 tomahawks (quivered)
 q - 192 stones
Armour
 E - a +0 hat (worn)
 L - the +2 robe of Gallantry (worn) {MR+ rCorr}
   (You found it on level 5 of the Dungeon)

   It affects your resistance to hostile enchantments.
   It protects you from acid and corrosion.
Jewellery
 d - an uncursed ring of fire
 p - a +2 ring of dexterity (right hand)
 r - a ring of stealth (left hand)
Scrolls
 e - 4 scrolls of remove curse
 f - 4 scrolls of identify
 k - a scroll of magic mapping
 l - a scroll of enchant armour {unknown}
 s - 4 scrolls of fear
 v - a scroll of amnesia
 w - a scroll of blinking {unknown}
 x - a scroll of recharging
 y - a scroll of noise {unknown}
 A - a scroll of random uselessness {unknown}
 C - a scroll of teleportation
 H - a scroll of immolation {unknown}
Potions
 i - a potion of curing {unknown}
 m - 3 potions of haste
 o - a potion of invisibility {unknown}
 t - a potion of mutation {unknown}
 B - a potion of cancellation {unknown}
 D - a potion of resistance {unknown}
 G - a potion of might {unknown}
 I - a potion of degeneration {unknown}
 J - a potion of agility {unknown}
Books
 b - a book of Conjurations

   Spells                             Type                      Level
   a - Magic Dart                     Conjuration                  1
   b - Searing Ray                    Conjuration                  2
   c - Dazzling Spray                 Conjuration/Hexes            3
   d - Fulminant Prism                Conjuration/Hexes            4
   e - Iskenderun's Mystic Blast      Conjuration                  4
   f - Iskenderun's Battlesphere      Conjuration/Charms           5
Comestibles
 c - 4 bread rations {@e1}
 g - 3 slices of pizza
 j - 2 meat rations {@e2}
 u - 8 fruits
 F - a royal jelly


   Skills:
 + Level 2.3 Armour
 - Level 1.7 Dodging
 - Level 1.7 Stealth
 + Level 3.6 Spellcasting
 * Level 6.2 Conjurations
 - Level 1.0 Hexes


You had 6 spell levels left.
You knew the following spells:

 Your Spells              Type           Power        Failure   Level  Hunger
a - Magic Dart            Conj           ####         1%          1    None
b - Dazzling Spray        Conj/Hex       ###.....     10%         3    ###....
c - Searing Ray           Conj           ####..       1%          2    #......


Dungeon Overview and Level Annotations

Branches:
Dungeon (5/15)
 Temple: D:4-7


Innate Abilities, Weirdness & Mutations

You have an increased reservoir of magic (+10% MP).
Your attributes are resistant to harm.


Message History

You hit the yak.
The yak is severely wounded.
The yak is no longer blind.
The yak gores you.
* * * LOW HITPOINT WARNING * * *
You barely miss the yak.
The yak is heavily wounded.
The yak gores you.
* * * LOW HITPOINT WARNING * * *
Casting: Dazzling Spray
Confirm with . or Enter, or press ? or * to list all spells.
Aiming: Dazzling Spray
Press: ? - help, Shift-Dir - straight line, f/p - yak
Aim: a yak (heavily wounded)
The spray of energy hits the yak.
The yak is severely wounded.
The yak is dazzled.
The yak barely misses you.
You hit the yak.
The yak is severely wounded.
The yak gores you!
You die...

##########
..Y.YY...#
########.# ..#.#
########.#.#
#......#.#.#
#..Y@#<#[#
.#......#.#######
.................$.
...................
#####.#.###....###.
#...#.. +....#
#.#######....# ....
###.....Y......#
....
#....######....#
.....


You could see a yak (blind).

Vanquished Creatures
  A yak (D:4)
  An ogre (D:4)
  A hound (D:4)
  A crimson imp (D:5)
  An orc priest (D:4)
  2 worker ants
  A hound skeleton (D:4)
  5 adders
  A gnoll (D:1)
  A shadow imp (D:4)
  3 oozes (D:2)
  An adder skeleton (D:4)
  2 worms
  3 giant geckos
  10 orcs
  4 giant cockroaches
  7 goblins
  8 hobgoblins
  6 jackals
  9 bats
  4 giant newts
  12 kobolds
  3 quokkas
  5 rats
92 creatures vanquished.

Notes
Turn   | Place    | Note
--------------------------------------------------------------
     0 | D:1      | derrpe the Demigod Conjurer began the quest for the Orb.
     0 | D:1      | Reached XP level 1. HP: 14/14 MP: 5/5
   256 | D:1      | Reached XP level 2. HP: 20/20 MP: 2/7
   550 | D:1      | Reached skill level 4 in Conjurations
   554 | D:1      | HP: 1/20 [gnoll/spear (9)]
  1139 | D:1      | Reached XP level 3. HP: 13/26 MP: 1/9
  1297 | D:1      | Learned a level 3 spell: Dazzling Spray
  2333 | D:2      | Learned a level 2 spell: Searing Ray
  2614 | D:2      | Reached XP level 4. HP: 33/33 MP: 1/10
  3181 | D:3      | Found a faded altar to an unknown god.
  3317 | D:3      | Found a glowing silver altar of Zin.
  3320 | D:3      | Found a bloodstained altar of Trog.
  3389 | D:3      | Found a blossoming altar of Fedhas.
  3391 | D:3      | Found a sacrificial altar of Ru.
  3393 | D:3      | Found a snail-covered altar of Cheibriados.
  3396 | D:3      | Found an iron altar of Okawaru.
  3586 | D:4      | Reached skill level 5 in Conjurations
  3725 | D:4      | Reached XP level 5. HP: 35/38 MP: 3/12
  4042 | D:4      | Reached skill level 1 in Armour
  4335 | D:4      | Noticed an ogre
  4351 | D:4      | Killed an ogre
  5001 | D:4      | Reached XP level 6. HP: 30/45 MP: 7/14
  5289 | D:5      | Entered Level 5 of the Dungeon
  5416 | D:5      | Got a steaming robe
  5428 | D:5      | Identified the +2 robe of Gallantry {MR+ rCorr} (You found it on level 5 of the Dungeon)
  5433 | D:5      | Noticed a yak
  5433 | D:5      | Noticed a yak
  5434 | D:5      | Noticed a yak
  6341 | D:4      | Killed a yak
  6341 | D:4      | Reached skill level 6 in Conjurations
  6341 | D:4      | Reached skill level 1 in Hexes
  6585 | D:5      | Slain by a yak

Vault maps used:
D:1:      kilobyte_arrival_exit_the_forest
D:2:      kennysheep_generic_room_12
D:3:      minitemple, ecumenical_altar_1, first_bread, nrook_mini_vaults
D:4:      kennysheep_generic_room_2
D:5:      temple_hall

Action                   |  1- 3 |  4- 6 || total
-------------------------+-------+-------++-------
Melee: Spear             |    26 |       ||    26
       Short sword       |    36 |    79 ||   115
 Cast: Magic Dart        |    75 |    53 ||   128
       Dazzling Spray    |     2 |    12 ||    14
       Searing Ray       |       |    10 ||    10
  Use: Potion            |     1 |     2 ||     3
       Scroll            |       |     9 ||     9
 Stab: Sleeping          |     1 |     1 ||     2
       Invisible         |       |     2 ||     2
  Eat: Chunk             |     6 |    13 ||    19
